 Dungeon Crawl Stone Soup version 0.22-a0-419-g492bfec (webtiles) character file.

336 Mgcat the Magician (level 6, -10/41 HPs)
             Began as a Mummy Conjurer on May 15, 2018.
             Mangled by Duvessa
             ... wielding a +0 short sword of electrocution
              (14 damage)
             ... on level 4 of the Dungeon.
             The game lasted 00:07:50 (3473 turns).

Mgcat the Magician (Mummy Conjurer)                 Turns: 3473, Time: 00:07:51

Health: -10/41     AC:  7    Str: 11    XL:     6   Next: 28%
Magic:  2/14       EV: 12    Int: 17    God:
Gold:   112        SH:  0    Dex: 12    Spells: 2/16 levels left

rFire    x . .     SeeInvis .   g - +1 dagger (venom)
rCold    + . .     Gourm    .   (no shield)
rNeg     + + +     Faith    .   a - +0 robe
rPois    ∞         Spirit   .   d - +0 helmet
rElec    .         Reflect  .   (no cloak)
rCorr    .         Harm     .   l - +2 pair of gloves
MR       .....                  b - +0 pair of boots
Stlth    ++........             i - amulet of rage {+Rage, !d}
HPRegen  0.13/turn              (no ring)
MPRegen  0.14/turn              (no ring)

@: no status effects
A: no food or potions, fire vulnerability, cold resistance 1, negative energy
resistance 3, torment resistance, unbreathing
a: no special abilities


You were on level 4 of the Dungeon.
You were not hungry.

You visited 1 branch of the dungeon, and saw 4 of its levels.

You collected 112 gold pieces.

Inventory:

Hand Weapons
 g - a +1 dagger of venom (weapon)
   (You took it off a goblin on level 2 of the Dungeon)
Armour
 a - a +0 robe (worn)
 b - a +0 pair of boots (worn)
   (You found it on level 1 of the Dungeon)
 d - a +0 helmet (worn)
   (You found it on level 1 of the Dungeon)
 l - a +2 pair of gloves (worn)
   (You found it on level 4 of the Dungeon)
Jewellery
 i - an amulet of rage (around neck) {+Rage, !d}
   (You found it on level 1 of the Dungeon)
Wands
 h - a wand of paralysis (11)
   (You found it on level 3 of the Dungeon)
Scrolls
 c - a scroll of magic mapping {unknown}
 e - 6 scrolls of identify
 f - 2 scrolls of remove curse
 j - 3 scrolls of blinking {unknown}
 k - a scroll of noise {unknown}
 m - a scroll of teleportation
 n - a scroll of enchant armour {unknown}


   Skills:
 - Level 1.5 Dodging
 - Level 1.5 Stealth
 + Level 5.9 Spellcasting
 + Level 4.9 Conjurations
 + Level 0.5 Hexes
 + Level 0.4 Translocations


You had 2 spell levels left.
You knew the following spells:

 Your Spells              Type           Power        Failure   Level  Hunger
a - Magic Dart            Conj           ###.         1%          1    N/A
b - Searing Ray           Conj           ###...       2%          2    N/A
c - Dazzling Spray        Conj/Hex       ##....       12%         3    N/A
d - Iskenderun's Mystic   Conj           ###.....     17%         4    N/A
e - Force Lance           Conj/Tloc      ##......     38%         4    N/A

Your spell library contained the following spells:

 Spells                   Type           Power        Failure   Level  Hunger
 Fulminant Prism          Conj/Hex       ##........   38%         4    N/A

Dungeon Overview and Level Annotations

Branches:
Dungeon (4/15)
 Temple: D:4-7

Altars:
Makhleb
Zin

Annotations:
D:4 Dowan, Duvessa


Innate Abilities, Weirdness & Mutations

You do not eat or drink.
Your flesh is vulnerable to fire.
You are immune to poison.
Your flesh is cold resistant. (rC+)
You are immune to negative energy. (rN+++)
You are immune to unholy pain and torment.
You can survive without breathing.


Message History

Confirm with . or Enter, or press ? or * to list all spells.
Aiming: Dazzling Spray (safe; 12% risk of failure)
Press: ? - help, Shift-Dir - straight line, f - Duvessa
Aim: Duvessa, wielding a short sword of electrocution and wearing a ring mail You miscast Dazzling Spray.
You are very lightly contaminated with residual magic.
You are momentarily dazzled by a flash of light!
Casting: Dazzling Spray (safe; 12% risk of failure)
Confirm with . or Enter, or press ? or * to list all spells.
Aiming: Dazzling Spray (safe; 12% risk of failure)
Press: ? - help, Shift-Dir - straight line, f/p - Duvessa
Aim: Duvessa, wielding a short sword of electrocution and wearing a ring mail The spray of energy hits Duvessa.
Duvessa is lightly wounded.
Duvessa is dazzled.
Casting: Dazzling Spray (safe; 12% risk of failure)
Confirm with . or Enter, or press ? or * to list all spells.
Aiming: Dazzling Spray (safe; 12% risk of failure)
Press: ? - help, Shift-Dir - straight line, f/p - Duvessa
Aim: Duvessa, wielding a short sword of electrocution and wearing a ring mail (lightly wounded, blind)
The spray of energy hits Duvessa.
Duvessa is moderately wounded.
Duvessa is dazzled.
Casting: Dazzling Spray (safe; 12% risk of failure)
Confirm with . or Enter, or press ? or * to list all spells.
Aiming: Magic Dart (safe; 1% risk of failure)
Press: ? - help, Shift-Dir - straight line, f/p - Duvessa
Aim: Duvessa, wielding a short sword of electrocution and wearing a ring mail (moderately wounded, blind)
The magic dart hits Duvessa.
Duvessa is moderately wounded.
Duvessa hits you with a short sword of electrocution.
Casting: Magic Dart (safe; 1% risk of failure)
Confirm with . or Enter, or press ? or * to list all spells.
Aiming: Magic Dart (safe; 1% risk of failure)
Press: ? - help, Shift-Dir - straight line, f/p - Duvessa
Aim: Duvessa, wielding a short sword of electrocution and wearing a ring mail (moderately wounded, blind)
The magic dart hits Duvessa.
Duvessa is moderately wounded.
Duvessa hits you with a short sword of electrocution.
Casting: Magic Dart (safe; 1% risk of failure)
Confirm with . or Enter, or press ? or * to list all spells.
Aiming: Magic Dart (safe; 1% risk of failure)
Press: ? - help, Shift-Dir - straight line, f/p - Duvessa
Aim: Duvessa, wielding a short sword of electrocution and wearing a ring mail (moderately wounded, blind)
The magic dart hits Duvessa.
Duvessa is moderately wounded.
Duvessa misses you.
Dowan, Brother of Duvessa comes into view.
He is wielding a dagger.
Casting: Magic Dart (safe; 1% risk of failure)
Confirm with . or Enter, or press ? or * to list all spells.
Aiming: Magic Dart (safe; 1% risk of failure)
Press: ? - help, Shift-Dir - straight line, f/p - Duvessa
Aim: Duvessa, wielding a short sword of electrocution and wearing a ring mail (moderately wounded, blind)
The magic dart hits Duvessa.
Duvessa is moderately wounded.
Duvessa hits you with a short sword of electrocution.
You are electrocuted!
Casting: Magic Dart (safe; 1% risk of failure)
Confirm with . or Enter, or press ? or * to list all spells.
Aiming: Magic Dart (safe; 1% risk of failure)
Press: ? - help, Shift-Dir - straight line, f/p - Duvessa
Aim: Duvessa, wielding a short sword of electrocution and wearing a ring mail (moderately wounded, blind)
The magic dart hits Duvessa.
Duvessa is moderately wounded.
Duvessa closely misses you.
Casting: Magic Dart (safe; 1% risk of failure)
Confirm with . or Enter, or press ? or * to list all spells.
Aiming: Magic Dart (safe; 1% risk of failure)
Press: ? - help, Shift-Dir - straight line, f/p - Duvessa
Aim: Duvessa, wielding a short sword of electrocution and wearing a ring mail (moderately wounded, blind)
The magic dart hits Duvessa.
Duvessa is moderately wounded.
Duvessa is no longer blind.
Duvessa hits you with a short sword of electrocution.
Casting: Magic Dart (safe; 1% risk of failure)
Confirm with . or Enter, or press ? or * to list all spells.
You don't have enough magic to cast that spell.
Casting: Magic Dart (safe; 1% risk of failure)
Confirm with . or Enter, or press ? or * to list all spells.
You don't have enough magic to cast that spell.
Casting: Magic Dart (safe; 1% risk of failure)
Confirm with . or Enter, or press ? or * to list all spells.
You don't have enough magic to cast that spell.
Dowan mumbles some strange words.
Dowan blinks!
Dowan casts a spell at Duvessa.
Duvessa seems to speed up.
Duvessa barely misses you.
Duvessa hits you with a short sword of electrocution.
Duvessa hits you with a short sword of electrocution.
Dowan casts a spell.
Dowan blinks!
Duvessa hits you with a short sword of electrocution!
* * * LOW HITPOINT WARNING * * *
Your magical contamination has completely faded away.
Duvessa misses you.
Duvessa hits you with a short sword of electrocution.
* * * LOW HITPOINT WARNING * * *
You are electrocuted!
You die...

#.#####.####...##.#
#. #§#
#...........# #.
#.#
######...######.
#.#
#######.######..
#.#
#.......((..((.o
#.#
#.#####.########
#.# #.# #.# #
#.#####.#####.# #
#...e@........# #
#######.######## #
#.......... .
#..######## #
#..### #....#
#.##.# #.##.#
#$##.#


You could see Duvessa.

Vanquished Creatures
  The ghost of KristoblXynda the Conjurer, an amateur DrCj (D:3)
  A scorpion (D:4)
  A centaur skeleton (D:4)
  An orc wizard (D:3)
  A worker ant (D:4)
  8 adders
  A worm (D:2)
  5 orcs
  2 giant cockroaches
  6 goblins
  4 hobgoblins
  4 jackals (D:3)
  9 kobolds
  A quokka (D:2)
  10 bats
  5 frilled lizards (D:1)
  2 rats
62 creatures vanquished.

Notes
Turn   | Place    | Note
-------+----------+-------------------------------------------
     0 | D:1      | Mgcat the Mummy Conjurer began the quest for the Orb.
     0 | D:1      | Reached XP level 1. HP: 13/13 MP: 4/4
   152 | D:1      | Reached skill level 3 in Spellcasting
   274 | D:1      | Reached XP level 2. HP: 19/19 MP: 1/6
   694 | D:2      | Learned a level 2 spell: Searing Ray
   722 | D:2      | Reached XP level 3. HP: 23/24 MP: 4/8
   950 | D:2      | Reached skill level 4 in Spellcasting
  1054 | D:2      | Learned a level 3 spell: Dazzling Spray
  1075 | D:2      | Reached skill level 4 in Conjurations
  1217 | D:2      | Reached XP level 4. HP: 30/30 MP: 3/10
  1989 | D:3      | Found a faded altar of an unknown god.
  2021 | D:3      | Found a burning altar of Makhleb.
  2023 | D:3      | Found a glowing silver altar of Zin.
  2023 | D:3      | Noticed an angel
  2023 | D:3      | Noticed a balrug
  2224 | D:3      | Noticed KristoblXynda's ghost (amateur DrCj)
  2255 | D:3      | Killed KristoblXynda's ghost
  2255 | D:3      | Reached skill level 5 in Spellcasting
  2255 | D:3      | Reached XP level 5. HP: 27/35 MP: 1/12
  2792 | D:4      | Reached XP level 6. HP: 38/41 MP: 2/14
  2873 | D:4      | Learned a level 4 spell: Iskenderun's Mystic Blast
  2878 | D:4      | Learned a level 4 spell: Force Lance
  3446 | D:4      | Noticed Duvessa
  3455 | D:4      | Noticed Dowan
  3469 | D:4      | HP: 7/41 [Duvessa/short sword of electrocution (7)]
  3473 | D:4      | Mangled by Duvessa

Vault maps used:
D:1:      moated_graveyard_arrival, corexii_item_surrounded_by_moat
D:3:      grunt_temple_overflow_order_and_chaos_2,
          chequers_ecumenical_altar_simple
D:4:      nicolae_overflow_quartered_altars, uniq_duvessa

Skill      XL: |  1  2  3  4 |
---------------+-------------+-----
Spellcasting   | 3 4 5 |  5.9
Conjurations   | 4 |  4.9
Dodging        | |  1.5
Stealth        | |  1.5
Hexes          | |  0.5
Translocations | |  0.4

Action                   |  1- 3 |  4- 6 || total
-------------------------+-------+-------++-------
Melee: Dagger            |     4 |     4 ||     8
 Cast: Magic Dart        |    72 |    94 ||   166
       Searing Ray       |       |     8 ||     8
       Dazzling Spray    |       |     4 ||     4
       Iskenderun's Myst |       |     2 ||     2
Evoke: Wand              |       |     5 ||     5
  Use: Scroll            |     4 |       ||     4
 Stab: Sleeping          |     1 |       ||     1
       Paralysed         |       |     4 ||     4
Armor: Robe              |     2 |     9 ||    11
Dodge: Dodged            |     9 |    24 ||    33

Table legend:
 A = Spawn XP
 B = Non-spawn XP
 C = Spawn XP percentage of total XP
 D = Spawn monster count
 E = Non-spawn monster count
 F = Spawn count percentage of total count
 G = Total turns spent on level
                    A         B        C        D         E        F      G
               +---------+---------+-------+---------+---------+-------+---------
         Total |       0 |     481 |   0.0 |       0 |      62 |   0.0 |  3473
               +---------+---------+-------+---------+---------+-------+---------
           D:1 |       0 |      26 |   0.0 |       0 |      19 |   0.0 |   696
           D:2 |       0 |     113 |   0.0 |       0 |      25 |   0.0 |  1121
           D:3 |       0 |     182 |   0.0 |       0 |      12 |   0.0 |  1110
           D:4 |       0 |     160 |   0.0 |       0 |       6 |   0.0 |   546
               +---------+---------+-------+---------+---------+-------+---------

Vault maps used:
D:1:      moated_graveyard_arrival, corexii_item_surrounded_by_moat
D:3:      grunt_temple_overflow_order_and_chaos_2,
          chequers_ecumenical_altar_simple
D:4:      nicolae_overflow_quartered_altars, uniq_duvessa

Table legend:
 A = Turns spent in this place as a percentage of turns spent in the entire game.
 B = Non-inter-level travel turns spent in this place as a percentage of non-inter-level travel turns spent in the entire game.
 C = Inter-level travel turns spent in this place as a percentage of turns spent in this place.
 D = Turns resting spent in this place as a percentage of non-inter-level travel turns spent in this place.
 E = Turns spent auto-exploring this place as a percentage of non-inter-level travel turns spent in this place.
 F = Non-inter-level travel turns spent in this place divided by the number of levels of this place that you've seen.
                   A       B       C       D       E      F
               +-------+-------+-------+-------+-------+----------------------
         Total | 100.0 | 100.0 |   4.7 |   5.5 |  79.6 | 827.2
       Dungeon | 100.0 | 100.0 |   4.7 |   5.5 |  79.6 | 827.2
               +-------+-------+-------+-------+-------+----------------------

Table legend:
 A = Kills in this place as a percentage of kills in entire the game.
 B = Kills by you in this place as a percentage of kills by you in the entire game.
 C = Kills by friends in this place as a percentage of kills by friends in the entire game.
 D = Other kills in this place as a percentage of other kills in the entire game.
 E = Experience gained in this place as a percentage of experience gained in the entire game.
 F = Experience gained in this place divided by the number of levels of this place that you have seen.
                   A       B       C       D       E      F
               +-------+-------+-------+-------+-------+----------------------
         Total | 100.0 | 100.0 |   N/A |   N/A | 100.0 | 120.2
       Dungeon | 100.0 | 100.0 |   N/A |   N/A | 100.0 | 120.2
               +-------+-------+-------+-------+-------+----------------------
